 Dungeon Crawl Stone Soup version 0.31-a0-1163-gcee99d1eea (webtiles) character file.

Game seed: 15917196445829691566

64694 GordonOverkill the Marksspriggan (level 14, -12/77 HPs)
             Began as a Spriggan Delver on Dec 9, 2023.
             Was a High Priest of Okawaru.
             Mangled by daxdoom's ghost (25 damage)
             ... on level 5 of the Lair of Beasts.
             The game lasted 01:08:02 (29438 turns).

GordonOverkill the Marksspriggan (Spriggan Delver) Turns: 29438, Time: 01:08:03

Health: -12/77     AC: 15    Str:  8    XL:     14   Next: 72%
Magic:  27/27      EV: 19    Int: 12    God:    Okawaru [*****.]
Gold:   1621       SH:  0    Dex: 21    Spells: 13/13 levels left

rFire   + . .        F - +1 orcbow (heavy)
rCold   + + .        (shield currently unavailable)
rNeg    . . .        I - quicksilver dragon scales
rPois   .            Z - +2 hat {Will+}
rElec   .            s - scarf {rC+ rF+}
rCorr   .            (gloves unavailable)
SInv    +            (boots unavailable)
Will    ++++.        e - amulet of magic regeneration
Stlth   +++++        t - ring of protection from cold
HPRegen 0.32/turn    T - ring of flight
MPRegen 0.60/turn

%: no passive effects
@: heroic, flying, studying 2 skills, very quick
A: very small, no large weapons, unfitting armour, see invisible, speed 3
a: Renounce Religion, Heroism, Finesse, Duel


You were on level 5 of the Lair of Beasts.
You worshipped Okawaru.
Okawaru was extremely pleased with you.
You visited 3 branches of the dungeon, and saw 17 of its levels.
You also visited: Bailey and Volcano.

You collected 1621 gold pieces.

Inventory:

Hand Weapons
 h - the +6 sling of Qeutajor {drain, rF- Str-4 Int+4 Dex+9}
   (You found it on level 4 of the Lair of Beasts)

   Str-4:     It affects your strength (-4).
   Int+4:     It affects your intelligence (+4).
   Dex+9:     It affects your dexterity (+9).
   rF-:       It makes you vulnerable to fire.
 m - a +2 whip of electrocution
 C - the +6 dagger of the Wraith {venom, rN+ Int+4 Dex-2 SInv}
   (You found it on level 2 of the Dungeon)

   Int+4:     It affects your intelligence (+4).
   Dex-2:     It affects your dexterity (-2).
   rN+:       It protects you from negative energy.
   SInv:      It lets you see invisible.
 F - a +1 heavy orcbow (weapon)
Missiles
 j - 10 curare-tipped darts
 r - 2 boomerangs
 H - 17 poisoned darts
 K - a throwing net
 S - 4 atropa-tipped darts
Armour
 s - a scarf of resistance (worn)
 y - a +0 cloak
 z - a scarf of invisibility
 I - quicksilver dragon scales (worn)
 J - +0 steam dragon scales
 X - +0 acid dragon scales
 Z - a +2 hat of willpower (worn)
Jewellery
 c - a ring of resist corrosion
 e - an amulet of magic regeneration (around neck)
 t - a ring of protection from cold (left hand)
 M - the ring "Cymeonung" {rCorr Str+2 Int+8}
   (You found it on level 4 of the Lair of Beasts)

   [ring of resist corrosion]

   Str+2:     It affects your strength (+2).
   Int+8:     It affects your intelligence (+8).
   rCorr:     It protects you from acid and corrosion.
 T - a ring of flight (right hand)
Wands
 g - a wand of digging (11)
 o - a wand of light (7)
 N - a wand of flame (33)
 O - a wand of paralysis (1)
 Y - a wand of mindburst (1)
Scrolls
 a - 2 scrolls of immolation
 d - 3 scrolls of revelation
 l - 3 scrolls of vulnerability
 u - 4 scrolls of enchant armour
 w - 3 scrolls of teleportation
 A - a scroll of enchant weapon
 B - 2 scrolls of poison
 E - a scroll of silence
 G - a scroll of amnesia
 L - 2 scrolls of fear
 P - 2 scrolls of identify
Potions
 b - 5 potions of might
 f - 11 potions of haste
 i - a potion of lignification
 k - 7 potions of magic
 p - 5 potions of enlightenment
 q - 5 potions of heal wounds
 v - 4 potions of attraction
 x - 2 potions of brilliance
 D - 3 potions of cancellation
 Q - 2 potions of resistance
 U - 3 potions of mutation
Miscellaneous
 n - a box of beasts
 W - a phantom mirror


   Skills:
 - Level 10.0(15.0) Fighting
 - Level 2.2(7.2) Short Blades
 + Level 17.8(22.8) Ranged Weapons
 - Level 4.0(9.0) Throwing
 - Level 5.0(10.0) Armour
 - Level 2.6(7.6) Dodging
 - Level 7.2(12.2) Stealth
 - Level 17.0 Invocations
 - Level 5.0 Evocations


You had 13 spell levels left.
You didn't know any spells.
Your spell library contained the following spells:

 Spells                   Type           Power      Damage    Failure   Level
 Magic Dart               Conj           0%         1d3       63%         1
 Slow                     Hex            0%         N/A       63%         1
 Ensorcelled Hibernation  Hex/Ice        0%         N/A       77%         2
 Lesser Beckoning         Tloc           0%         N/A       77%         2
 Passwall                 Tmut/Erth      0%         N/A       77%         2
 Searing Ray              Conj           0%         2d4       77%         2
 Static Discharge         Conj/Air       0%         3-3/arc   77%         2
 Confusing Touch          Hex            0%         N/A       94%         3
 Gell's Gravitas          Tloc           0%         N/A       94%         3
 Hailstorm                Conj/Ice       0%         3d5       94%         3
 Sigil of Binding         Hex            0%         N/A       94%         3
 Swiftness                Air            0%         N/A       94%         3
 Teleport Other           Tloc           0%         N/A       94%         3
 Vampiric Draining        Necr           0%         2d6       94%         3
 Airstrike                Air            0%         2d(0-16)  100%        4
 Cause Fear               Hex            0%         N/A       100%        4
 Fulminant Prism          Conj/Hex       0%         3d5       100%        4
 Fireball                 Conj/Fire      0%         3d3       100%        5
 Dispersal                Tloc           0%         N/A       100%        6
 Summon Ice Beast         Ice/Summ       Unusable   N/A       N/A         4
 Summon Lightning Spire   Summ/Air       Unusable   N/A       N/A         4
 Simulacrum               Ice/Necr       Unusable   N/A       N/A         6
 Dragon's Call            Summ           Unusable   N/A       N/A         9

Dungeon Overview and Level Annotations

Branches:
Dungeon (11/15)            Temple (1/1) D:6            Lair (5/5) D:11
 Shoals (0/4) Lair:3        Snake (0/4) Lair:3        Slime (0/5) Lair:4
    Orc (0/2) D:10         Bailey (visited)         Volcano (visited)

Altars:
Ashenzari
Cheibriados
Dithmenos
Elyvilon
Fedhas
Gozag
Hepliaklqana
Kikubaaqudgha
Makhleb
Nemelex Xobeh
Okawaru
Qazlal
Ru
Sif Muna
Trog
Uskayaw
Vehumet
Wu Jian
Xom
Yredelemnul
Zin
The Shining One
Jiyva
Lugonu

Shops:
D:4 *   D:11 [

Portals:
Abyss: Lair:5

Annotations:
D:11 2 transporters
Lair:5 daxdoom's ghost, journeyman MiBe


Innate Abilities, Weirdness & Mutations

You are very small and have problems with some larger weapons.
You are too small for most types of armour.
You have supernaturally acute eyesight. (SInv)
You cover ground extremely quickly. (Speed+++)


Message History

Aim: daxdoom's ghost, wielding a weapon of flaming (heavily damaged, 46% to hit)
You shoot an arrow.
The arrow hits daxdoom's ghost but does no damage.
Daxdoom's ghost is heavily damaged.
Daxdoom's ghost ripples.
Fire: F) +1 orcbow (heavy)
Press: ? - help, Q - select action, (/) - cycle Shift-Dir - straight line, p - daxdoom's ghost
Okay, then.
Daxdoom's ghost says, "Very impressive.
But it won't help.
Nothing will."
Fire: F) +1 orcbow (heavy)
Press: ? - help, Q - select action, (/) - cycle Shift-Dir - straight line, f/p - daxdoom's ghost
Aim: daxdoom's ghost, wielding a weapon of flaming (heavily damaged, 46% to hit)
You shoot an arrow. The arrow hits daxdoom's ghost!!!
Daxdoom's ghost is severely damaged.
Fire: F) +1 orcbow (heavy)
Press: ? - help, Q - select action, (/) - cycle Shift-Dir - straight line, f/p - daxdoom's ghost
Aim: daxdoom's ghost, wielding a weapon of flaming (severely damaged, 46% to hit)
You shoot an arrow. The arrow hits daxdoom's ghost.
Daxdoom's ghost is severely damaged.
Fire: F) +1 orcbow (heavy)
Press: ? - help, Q - select action, (/) - cycle Shift-Dir - straight line, f/p - daxdoom's ghost
Aim: daxdoom's ghost, wielding a weapon of flaming (severely damaged, 46% to hit)
You shoot an arrow. The arrow misses daxdoom's ghost.
Fire: F) +1 orcbow (heavy)
Press: ? - help, Q - select action, (/) - cycle Shift-Dir - straight line, f/p - daxdoom's ghost
Aim: daxdoom's ghost, wielding a weapon of flaming (severely damaged, 46% to hit)
You shoot an arrow.
The arrow closely misses daxdoom's ghost.
You shoot an arrow.
The arrow barely misses daxdoom's ghost.
Daxdoom's ghost yells, "Who would have thought, even in death it is a pleasure to sever!"
Daxdoom's ghost hits you!!
* * * LOW HITPOINT WARNING * * *
Daxdoom's ghost burns you!
* * * LOW HITPOINT WARNING * * *
You shoot an arrow.
The arrow hits daxdoom's ghost but does no damage.
Daxdoom's ghost is severely damaged.
Daxdoom's ghost hits you!!
You die...

**,,,,* ♣♣##*
*#.............# **,,,*
♣...####.............#
**,,*
♣......#.......#..###.
****,,*
♣.............#.### *.
*,,,,,* **♣..........####
** *,,,,** ##..........#
,,,*,* ♣♣♣#.........#P#
,,*******♣♣......W.....###
,,* *,*.......@.....## ,**
*,,...♣♣.........# ,*
**,,,,**♣........##
******,,,,** ♣.........#
,,**,,,**** ♣♣........#
,,,,,,** ♣.....#P.#
***,*** ♣♣....#### ***
♣♣####


You could see daxdoom's ghost.

Vanquished Creatures
  Snorg (Lair:3)
  The ghost of Ogavoroi the Bludgeoner, a journeyman TrWr of Hepliaklqana (Lair:3)
  7 hydras
  Erolcha (D:10)
  An ogre mage (Volcano)
  A boulder beetle (Lair:2)
  2 catoblepae
  9 two-headed ogres
  The ghost of paps the Covert, a novice OpDe of Gozag (D:9)
  A hell knight (Volcano)
  3 thrashing horrors (Lair:5)
  4 death yaks (Lair:4)
  Nergalle (Lair:3)
  2 skysharks
  Amaemon (Lair:3)
  Pikel (D:6)
  4 ugly things
  A cyclops (D:11)
  9 elephants
  A merfolk siren (Lair:3)
  4 black mambas
  Maurice (D:8)
  A torpor snail (Lair:1)
  A centaur zombie (D:9)
  11 cane toads
  An orange demon (Lair:3)
  A smoke demon (Lair:5)
  An unseen horror (D:11)
  Maggie (D:8)
  10 komodo dragons
  8 rime drakes
  4 trolls
  A polar bear (Lair:5)
  A hornet (shapeshifter) (Lair:5)
  3 raiju (Lair:5)
  21 blink frogs
  4 centaur simulacra (D:9)
  3 ynoxinuls (Lair:5)
  2 wraiths (D:11)
  3 shadows
  32 yaks
  10 basilisks
  A golden eye (shapeshifter) (Lair:5)
  6 spriggans
  7 wyverns
  A basilisk (shapeshifter) (Lair:5)
  A chaos spawn (Lair:5)
  A vampire mosquito (D:11)
  2 steam dragons
  An acid dragon (D:11)
  A hell hound (Lair:3)
  3 nagas (Lair:3)
  19 water moccasins
  Duvessa (D:7)
  5 black bears
  2 orc warriors
  A sky beast (D:8)
  15 small abominations (Lair:5)
  An ice beast (D:7)
  4 ogres (Bailey)
  18 wolves
  3 centaurs
  A phantom (D:6)
  2 kobold brigands
  12 bullfrogs
  3 scorpions
  8 wights
  Dowan (D:7)
  12 killer bees
  5 howler monkeys
  5 jellies
  4 hounds
  Crazy Yiuf (D:3)
  6 orc priests
  3 iguanas
  11 orc wizards
  8 hell rats
  14 adders
  8 gnolls
  2 white imps (D:6)
  4 ufetubi (D:7)
  2 dart slugs
  35 orcs
  6 bats
  14 endoplasms
  3 giant cockroaches
  13 goblins
  14 hobgoblins
  3 jackals
  25 kobolds
  5 quokkas
  7 ball pythons
  A frilled lizard (D:3)
  3 rats
510 creatures vanquished.

Notes
Turn   | Place    | Note
-------+----------+-------------------------------------------
     0 | D:5      | GordonOverkill the Spriggan Delver began the quest for the
                  | Orb.
     0 | D:5      | Reached XP level 1. HP: 11/11 MP: 2/2
   127 | D:7      | Noticed Dowan
   132 | D:7      | Noticed a killer bee
   135 | D:7      | Noticed a killer bee
   136 | D:7      | Noticed a killer bee
   138 | D:7      | Noticed a killer bee
   138 | D:7      | Noticed Duvessa
   141 | D:7      | Noticed a killer bee
   153 | D:6      | Noticed a scorpion
   162 | D:6      | Killed a scorpion
   163 | D:6      | Reached XP level 2. HP: 16/16 MP: 3/3
   163 | D:6      | Reached XP level 3. HP: 19/19 MP: 4/4
   171 | D:6      | Found a stormy altar of Qazlal.
   232 | D:6      | Reached XP level 4. HP: 16/23 MP: 5/5
   456 | D:6      | Found a staircase to the Ecumenical Temple.
   465 | Temple   | Entered the Ecumenical Temple
   474 | Temple   | Became a worshipper of Warmaster Okawaru
   492 | D:6      | Noticed a lemure
   492 | D:6      | Noticed a lemure
   492 | D:6      | Noticed a lemure
   586 | D:6      | Noticed Pikel
   589 | D:6      | Noticed a lemure
   664 | D:6      | Killed Pikel
   664 | D:6      | Reached * piety under Okawaru
   665 | D:6      | Reached skill level 5 in Ranged Weapons
   665 | D:6      | Reached XP level 5. HP: 27/27 MP: 6/6
   665 | D:6      | Reached XP level 6. HP: 32/32 MP: 7/7
   681 | D:6      | Reached XP level 7. HP: 35/35 MP: 8/8
  1708 | D:6      | Reached ** piety under Okawaru
  1709 | D:6      | Reached XP level 8. HP: 25/39 MP: 9/9
  3418 | D:5      | Found a sparkling altar of Nemelex Xobeh.
  3918 | D:4      | Found Pabosch's Elemental Accessories.
  4411 | D:4      | Reached skill level 10 in Ranged Weapons
  4546 | D:4      | Found an ornate altar of the Wu Jian Council.
  5241 | D:3      | Reached skill level 1 in Invocations
  5300 | D:3      | Found a runed translucent door.
  5301 | D:3      | Noticed Crazy Yiuf
  5633 | D:3      | Found a glowing golden altar of the Shining One.
  6049 | D:3      | Killed Crazy Yiuf
  6252 | D:2      | Identified the +6 dagger of the Wraith {venom, rN+ Int+4
                  | Dex-2 SInv}
  7602 | D:1      | Found a faded altar of an unknown god.
  7998 | D:7      | Killed Duvessa
  7999 | D:7      | Reached XP level 9. HP: 44/44 MP: 12/12
  8002 | D:7      | Killed Dowan
  8295 | D:7      | Reached skill level 5 in Invocations
  8295 | D:7      | Reached skill level 1 in Evocations
  8715 | D:7      | Reached skill level 5 in Evocations
  9739 | D:8      | Noticed Maggie
  9742 | D:8      | Noticed Maurice
  9817 | D:8      | Found a flagged portal.
  9854 | Bailey   | Entered a bailey
  9873 | Bailey   | Reached *** piety under Okawaru
  9938 | Bailey   | Reached XP level 10. HP: 17/49 MP: 14/14
 10057 | Bailey   | Noticed a two-headed ogre
 10072 | Bailey   | Killed a two-headed ogre
 10494 | D:8      | Killed Maurice
 10669 | D:8      | Noticed a two-headed ogre
 10691 | D:8      | Reached **** piety under Okawaru
 10912 | D:8      | Killed Maggie
 10981 | D:8      | Killed a two-headed ogre
 11098 | D:8      | Found a shimmering blue altar of Sif Muna.
 11355 | D:9      | Reached ***** piety under Okawaru
 11370 | D:9      | Reached skill level 5 in Fighting
 11370 | D:9      | Reached XP level 11. HP: 55/55 MP: 15/15
 11417 | D:9      | Found a shimmering altar of Xom.
 11418 | D:9      | Found a shimmering altar of Xom.
 11419 | D:9      | Found a shimmering altar of Xom.
 11420 | D:9      | Found a shimmering altar of Xom.
 11421 | D:9      | Found a shimmering altar of Xom.
 11421 | D:9      | Found a shimmering altar of Xom.
 11426 | D:9      | Found a shimmering altar of Xom.
 11507 | D:9      | Found a runed translucent gate.
 11507 | D:9      | Found a runed translucent gate.
 11507 | D:9      | Found a runed translucent gate.
 11508 | D:9      | Noticed paps's ghost (novice OpDe)
 11599 | D:9      | Found a hazy altar of Hepliaklqana.
 11726 | D:9      | Noticed a two-headed ogre
 11746 | D:9      | Killed a two-headed ogre
 12532 | D:9      | Killed paps's ghost
 12532 | D:9      | Received a gift from Okawaru
 12646 | D:10     | Entered Level 10 of the Dungeon
 12704 | D:10     | Found a staircase to the Orcish Mines.
 12836 | D:10     | Noticed Erolcha
 12863 | D:10     | Killed Erolcha
 13594 | D:11     | Found a transporter.
 13825 | D:11     | Found a staircase to the Lair.
 13887 | D:11     | Noticed a green ugly thing
 13940 | D:11     | Killed a green ugly thing
 14104 | D:11     | Received a gift from Okawaru
 14147 | D:11     | Reached skill level 15 in Ranged Weapons
 14517 | D:11     | Found Fubin's Armour Shoppe.
 14597 | D:11     | Found a transporter.
 14803 | D:11     | Reached XP level 12. HP: 42/62 MP: 19/19
 14887 | Lair:1   | Entered Level 1 of the Lair of Beasts
 15887 | Lair:1   | Found a glowing silver altar of Zin.
 16010 | Lair:1   | Noticed a four-headed hydra
 16094 | Lair:1   | Killed a four-headed hydra
 16254 | Lair:1   | Received a gift from Okawaru
 16710 | Lair:1   | Reached skill level 10 in Invocations
 17018 | Lair:2   | Found a dark tunnel.
 17031 | Volcano  | Entered a volcano
 17047 | Volcano  | Noticed an ogre mage
 17084 | Volcano  | Killed an ogre mage
 17088 | Volcano  | Found a burning altar of Makhleb.
 17091 | Volcano  | Noticed a two-headed ogre
 17120 | Volcano  | Killed a two-headed ogre
 17121 | Volcano  | Noticed a two-headed ogre
 17129 | Volcano  | Killed a two-headed ogre
 17220 | Volcano  | Noticed a two-headed ogre
 17248 | Volcano  | Killed a two-headed ogre
 17250 | Volcano  | Noticed a two-headed ogre
 17261 | Volcano  | Killed a two-headed ogre
 17261 | Volcano  | Noticed a two-headed ogre
 17280 | Volcano  | Noticed a two-headed ogre
 17282 | Volcano  | Killed a two-headed ogre
 17294 | Volcano  | Killed a two-headed ogre
 17669 | Lair:2   | Received a gift from Okawaru
 17670 | Lair:2   | Reached XP level 13. HP: 59/70 MP: 21/21
 18532 | Lair:3   | Identified a scroll of acquirement
 18533 | Lair:3   | Acquired a manual of Invocations
 18658 | Lair:3   | Identified the +9 mace of Disharmony {holy, rF+ Int+4
                  | Stlth+}
 18973 | Lair:2   | Reached skill level 10 in Fighting
 19113 | Lair:3   | Received a gift from Okawaru
 19127 | Lair:3   | Noticed Nergalle
 19525 | Lair:3   | Killed Nergalle
 19549 | Lair:3   | Found a staircase to the Snake Pit.
 19574 | Lair:3   | Found a runed translucent door.
 19619 | Lair:3   | Noticed Snorg
 19667 | Lair:3   | Killed Snorg
 19730 | Lair:3   | Noticed Ogavoroi's ghost (journeyman TrWr)
 20173 | Lair:3   | Found a staircase to the Shoals.
 20200 | Lair:3   | Noticed Amaemon
 20708 | Lair:3   | Killed Amaemon
 20819 | Lair:3   | Killed Ogavoroi's ghost
 21155 | Lair:4   | Identified the ring "Cymeonung" {rCorr Str+2 Int+8}
 21452 | Lair:3   | Reached skill level 15 in Invocations
 21600 | Lair:4   | Identified the +6 sling of Qeutajor {drain, rF- Str-4 Int+4
                  | Dex+9}
 21906 | Lair:4   | Received a gift from Okawaru
 21923 | Lair:4   | Found a staircase to the Slime Pits.
 21924 | Lair:4   | Found a viscous altar of Jiyva.
 22638 | Lair:4   | Reached XP level 14. HP: 77/77 MP: 27/27
 23207 | Lair:5   | Entered Level 5 of the Lair of Beasts
 23214 | Lair:5   | Received a gift from Okawaru
 23833 | Lair:4   | Reached skill level 1 in Armour
 24252 | Lair:5   | Found a runed translucent gate.
 24253 | Lair:5   | Found a runed translucent gate.
 24254 | Lair:5   | Found a runed translucent gate.
 24259 | Lair:5   | Noticed daxdoom's ghost (journeyman MiBe)
 24338 | Lair:5   | Found the +8 longbow "Zephyr" {speed, Dex+3 SInv}
 25253 | Lair:4   | Found a staircase to the Slime Pits.
 25253 | Lair:4   | Found a viscous altar of Jiyva.
 25688 | Lair:4   | Found a staircase to the Slime Pits.
 25688 | Lair:4   | Found a viscous altar of Jiyva.
 27399 | Lair:5   | Acquired a manual of Ranged Weapons
 27421 | Lair:5   | Reached skill level 5 in Armour
 28899 | Lair:5   | Found a corrupted altar of Lugonu.
 28899 | Lair:5   | Found a one-way gate to the infinite horrors of the Abyss.
 29438 | Lair:5   | Mangled by daxdoom's ghost

Illustrated notes

Levels and vault maps discovered:
D:1:      dpeg_arrival_connections, layout_basic,
          hellmonk_ecumenical_altar_lost_god
D:2:      layout_basic, skrybe_limestone_x
D:3:      minmay_recursive_quarters, layout_loops_ring,
          nicolae_tso_carved_into_rock, serial_bayou_crossing,
          uniq_crazy_yiuf_cottage
D:4:      layout_basic, kennysheep_mini_moat, nicolae_elemental_shop
D:5:      layout_basic, mainiacjoe_overflow_alcove_1
D:6:      layout_basic, nicolae_qazlal_scattered_showers,
          minmay_temple_entry_slanted, uniq_pikel
D:7:      corexii_shantytown, layout_basic, uniq_duvessa
D:8:      layout_loops_ring, lemuel_coloured_pillars_altar, enter_bailey_6,
          uniq_maggie, uniq_maurice
D:9:      layout_roguey, xom_redecorated, worldfamousw_hep_ancestral_shrine,
          gammafunk_ghost_necromancy
D:10:     layout_roguey, orc_0_dummy, uniq_erolcha
D:11:     gammafunk_worm_tunnel, layout_irregular_city,
          due_lair_maze_entry_diamond, serial_shops, nicolae_lakefront_shop,
          amcnicky_mini_pool_medium
Temple:   hellmonk_temple_two_chambers
Lair:1:   layout_gridlike, basic_altar, grunt_megastairs_2
Lair:2:   layout_roguey, nicolae_volcano_entry_two_sided
Lair:3:   layout_roguey [special_room_mythical_zoo],
          minmay_shoals_entry_lonely_mermaid, guppyfry_snake_entry_garden,
          ebering_ghost_reflecting_pool, grunt_megastairs_3, uniq_amaemon,
          uniq_nergalle, uniq_snorg
Lair:4:   layout_hall_layers, nicolae_slime_entry_slimehenge
Lair:5:   hellmonk_lair_end_abyssal_woods, layout_cave_pods,
          gammafunk_ghost_hydra_chop

Skill      XL: |  1  2  3  4  5  6  7  8  9 10 11 12 13 14 |
---------------+-------------------------------------------+-----
Throwing       | 3 4 |  4.0
Ranged Weapons | 5 8 10 11 14 15 16 17 | 17.8
Fighting       | 3 5 6 8 10 | 10.0
Invocations    | 3 5 8 10 16 17 | 17.0
Evocations     | 5 |  5.0
Armour         | 5 |  5.0
Short Blades   | |  2.2
Dodging        | |  2.6
Stealth        | |  7.2

Action                     |  1- 3 |  4- 6 |  7- 9 | 10-12 | 13-15 || total
---------------------------+-------+-------+-------+-------+-------++-------
  Melee: Short sword       |     1 |     6 |       |       |       ||     7
         Whip              |       |       |    55 |       |       ||    55
         Dagger            |       |       |    69 |    97 |     3 ||   169
         Punch             |       |       |     1 |     5 |       ||     6
   Fire: Sling             |       |     8 |   465 |       |   574 ||  1047
         Orcbow            |       |       |   267 |   748 |   469 ||  1484
  Throw: Dart              |     6 |     3 |    15 |     5 |     2 ||    31
 Invoke: Heroism           |       |       |     4 |    14 |    13 ||    31
         Finesse           |       |       |       |     1 |     5 ||     6
  Evoke: Wand              |       |       |     3 |     6 |    11 ||    20
    Use: Scroll            |     1 |       |    18 |     5 |    11 ||    35
         Potion            |       |       |     4 |     3 |       ||     7
   Stab: Sleeping          |     1 |       |     3 |       |       ||     4
         Paralysed         |       |       |       |     2 |     3 ||     5
 Armour: Robe              |     3 |     1 |    96 |     9 |       ||   109
         Quicksilver drago |       |       |       |   125 |   327 ||   452
  Dodge: Dodged            |     3 |     5 |   245 |   183 |   312 ||   748

Table legend: (Time is in decaauts)
 A = Elapsed time spent in this place.
 B = Non-inter-level travel time spent in this place.
 C = Inter-level travel time spent in this place.
 D = Time resting spent in this place.
 E = Time spent auto-exploring this place.
 F = Levels seen in this place.
 G = Mean time per level.
                   A        B        C        D        E       F      G
               +--------+--------+--------+--------+--------+-----+--------+
         Total |  22665 |  21956 |    709 |   8559 |   7242 |  19 | 1192.9 |
       Dungeon |  10819 |  10337 |    482 |   2866 |   4267 |  11 |  983.5 |
        Temple |     12 |     12 |      0 |      0 |      0 |   1 |   12.0 |
          Lair |  11107 |  10881 |    226 |   5423 |   2840 |   5 | 2221.4 |
        Bailey |    399 |    399 |      0 |    189 |     40 |   1 |  399.0 |
       Volcano |    327 |    327 |      0 |     80 |     93 |   1 |  327.0 |
               +--------+--------+--------+--------+--------+-----+--------+

Top non-repeatable levels by time:
  Lair:5: 3751 daAuts
  Lair:3: 2428 daAuts
  Lair:4: 2248 daAuts
     D:6: 1614 daAuts
    D:11: 1466 daAuts
  Lair:2: 1450 daAuts
     D:5: 1403 daAuts
  Lair:1: 1228 daAuts
     D:7: 1222 daAuts
     D:9: 966 daAuts
     D:3: 951 daAuts
     D:8: 836 daAuts
     D:4: 673 daAuts
    D:10: 657 daAuts
     D:1: 515 daAuts
